 Dungeon Crawl Stone Soup version 0.28-a0-503-g83f2989fac (webtiles) character file.

Game seed: 2250862648310164641

60 varam the Sneak (level 3, -9/19 HPs)
             Began as a Spriggan Wanderer on Sept 20, 2021.
             Killed by nerve-wracking pain
             ... invoked by Grinder
              (10 damage)
             ... while paralysed by Grinder
             ... on level 3 of the Dungeon.
             The game lasted 00:06:18 (2574 turns).

varam the Sneak (Spriggan Wanderer)                 Turns: 2574, Time: 00:06:19

Health: -9/19      AC:  2    Str:  8    XL:     3   Next: 82%
Magic:  13/13      EV:  4    Int: 12    God:
Gold:   117        SH:  0    Dex: 16    Spells: 2/2 levels left

rFire   . . .      SeeInvis +   l - +0 short sword (venom)
rCold   . . .      Faith    .   (shield restricted)
rNeg    . . .      Spirit   .   e - +0 robe
rPois   .          Reflect  .   (helmet restricted)
rElec   .          Harm     .   (no cloak)
rCorr   +          Rampage  .   (gloves unavailable)
Will    .....                   (boots unavailable)
Stlth   +++.......              (no amulet)
HPRegen 0.06/turn               k - ring of resist corrosion
MPRegen 0.13/turn               p - ring of magical power

@: paralysed, very quick
A: very small, no large weapons, unfitting armour, see invisible, speed 3
a: no special abilities


You were on level 3 of the Dungeon.
You visited 1 branch of the dungeon, and saw 3 of its levels.

You collected 117 gold pieces.

Inventory:

Hand Weapons
 a - a +2 dagger
 c - a +0 short sword
 l - a +0 short sword of venom (weapon)
   (You took it off a kobold on level 2 of the Dungeon)
 m - a +0 dagger of venom
   (You took it off a goblin on level 2 of the Dungeon)
Missiles
 j - 101 stones (quivered)
 r - 6 atropa-tipped darts
Armour
 e - a +0 robe (worn)
Jewellery
 k - a ring of resist corrosion (left hand)
   (You found it on level 1 of the Dungeon)
 o - a ring of fire
   (You found it on level 2 of the Dungeon)
 p - a ring of magical power (right hand)
   (You found it on level 2 of the Dungeon)
Wands
 n - a wand of iceblast (5)
   (You found it on level 2 of the Dungeon)
 s - a wand of mindburst (7)
   (You found it on level 2 of the Dungeon)
Scrolls
 b - 3 scrolls of fear
 i - a scroll of holy word {unknown}
 q - a scroll of identify {unknown}
 t - a scroll of teleportation
 u - a scroll of vulnerability {unknown}
 v - a scroll of fog {unknown}
Potions
 d - a potion of berserk rage {unknown}
 f - 2 potions of mutation {unknown}
 g - 3 potions of curing {unknown}
 h - a potion of haste


   Skills:
 - Level 2.4 Fighting
 + Level 2.0 Short Blades
 - Level 1.0 Crossbows
 - Level 2.1 Dodging
 + Level 4.5 Stealth
 - Level 1.0 Unarmed Combat
 + Level 3.0 Evocations


You had 2 spell levels left.
You didn't know any spells.
Your spell library was empty.

Dungeon Overview and Level Annotations

Branches:
Dungeon (3/15)

Altars:

Annotations:
D:3 Grinder, Sigmund


Innate Abilities, Weirdness & Mutations

You are very small and have problems with some larger weapons.
You are too small for most types of armour.
You have supernaturally acute eyesight. (SInv)
You cover ground extremely quickly. (Speed+++)


Message History

Grinder is moderately wounded.
Grinder hits you.
You hit Grinder but do no damage.
Grinder is moderately wounded.
Grinder barely misses you.
You hit Grinder.
Grinder is moderately wounded.
Grinder misses you.
You hit Grinder but do no damage.
Grinder is moderately wounded.
Grinder closely misses you.
You closely miss Grinder.
Grinder is moderately wounded.
Grinder gestures at you. Pain shoots through your body!
You hit Grinder.
Grinder is moderately wounded.
Grinder drinks a potion.
Grinder seems to speed up.
You hit Grinder.
Grinder is poisoned.
Grinder is heavily wounded.
Grinder gestures at you.
You struggle to resist.
You hit Grinder.
Grinder is heavily wounded.
Grinder misses you. Grinder barely misses you.
You hit Grinder.
Grinder is severely wounded.
Grinder gestures at you. Pain shoots through your body!
Ouch! That really hurt!
* * * LOW HITPOINT WARNING * * *
Sigmund the Dreaded comes into view.
He is wielding a +1 scythe of venom.
Found a stone staircase leading down.
Grinder says, "Tell me all your secrets, or I'll kill you."
Grinder gestures at you.
You suddenly lose the ability to move!
Grinder gestures at you. Pain shoots through your body!
Ouch! That really hurt!
You die...

#> # ####..#### #.
..@..#....
#.##.......
..........# ###
#..#..##.# #######
....#..#...#.#
#....<.
##.....@5....#
#.####.
.......##....#
#.##...
##.###.......#
#.##.#. ####...##
#.##.#. #...#
###......
#####...####...#.###
..................#
..................#
..........)..........


You could see Grinder (fast, very poisoned).

Vanquished Creatures
  A dart slug (D:2)
  3 bats (D:2)
  4 endoplasms
  3 giant cockroaches
  7 goblins
  4 hobgoblins
  2 jackals (D:1)
  2 quokkas (D:2)
  7 ball pythons
  3 frilled lizards
  3 kobolds
  20 rats
59 creatures vanquished.

Notes
Turn   | Place    | Note
-------+----------+-------------------------------------------
     0 | D:1      | varam the Spriggan Wanderer began the quest for the Orb.
     0 | D:1      | varam set off with the following items: a +2 dagger, a
                  | scroll of fear, a +0 short sword, a +0 robe, a scroll of
                  | teleportation
     0 | D:1      | Reached XP level 1. HP: 11/11 MP: 2/2
   466 | D:1      | Reached XP level 2. HP: 16/16 MP: 3/3
   606 | D:1      | Reached skill level 1 in Short Blades
  1684 | D:2      | Reached skill level 4 in Stealth
  1684 | D:2      | Reached XP level 3. HP: 19/19 MP: 4/4
  2551 | D:3      | Noticed Grinder
  2570 | D:3      | Noticed Sigmund
  2572 | D:3      | Paralysed by Grinder for 2 turns
  2574 | D:3      | Killed from afar by Grinder

Illustrated notes

Levels and vault maps discovered:
D:1:      dpeg_arrival_leaves_temple_mockup, layout_loops_ring
D:2:      layout_basic, st_stairs_2, minmay_rat_hole
D:3:      layout_loops_cross, kennysheep_pointless_box, uniq_crazy_yiuf_cottage,
          uniq_sigmund, uniq_grinder

Skill      XL: |  1  2  3 |
---------------+----------+-----
Evocations     | 2 3 |  3.0
Short Blades   | 1 2 |  2.0
Stealth        | 4 |  4.5
Fighting       | |  2.4
Crossbows      | |  1.0
Dodging        | |  2.1
Unarmed Combat | |  1.0

Action                   || total
-------------------------++-------
Melee: Dagger            ||    97
       Punch             ||     1
       Short sword       ||    70
 Stab: Sleeping          ||    15
Armor: Robe              ||     6
Dodge: Dodged            ||   109

Table legend: (Time is in decaauts)
 A = Elapsed time spent in this place.
 B = Non-inter-level travel time spent in this place.
 C = Inter-level travel time spent in this place.
 D = Time resting spent in this place.
 E = Time spent auto-exploring this place.
 F = Levels seen in this place.
 G = Mean time per level.
                   A        B        C        D        E       F      G
               +--------+--------+--------+--------+--------+-----+--------+
         Total |   1992 |   1980 |     12 |    436 |   1037 |   3 |  664.0 |
       Dungeon |   1992 |   1980 |     12 |    436 |   1037 |   3 |  664.0 |
               +--------+--------+--------+--------+--------+-----+--------+

Top non-repeatable levels by time:
     D:1: 1167 daAuts
     D:2: 794 daAuts
     D:3: 30 daAuts
